 Dungeon Crawl Stone Soup version 0.21-a0-243-g597973d (webtiles) character file.

39 tof the Caller (level 3, -7/24 HPs)
             Began as a Merfolk Summoner on Sept 4, 2017.
             Mangled by p0werm0de's ghost (8 damage)
             ... on level 3 of the Dungeon.
             The game lasted 00:05:20 (2792 turns).

tof the Caller (Merfolk Summoner)                   Turns: 2792, Time: 00:05:20

Health: -7/24      AC:  6    Str:  8    XL:     3   Next: 45%
Magic:  0/6        EV: 13    Int: 14    God:
Gold:   145        SH:  0    Dex: 15    Spells: 6/7 levels left

rFire    + . .     SeeInvis .   a - +0 dagger
rCold    . . .     Gourm    .   (no shield)
rNeg     . . .     Faith    .   o - +0 leather armour
rPois    .         Spirit   .   (no helmet)
rElec    .         Reflect  .   (no cloak)
rCorr    .         Harm     .   s - +2 pair of gloves
MR       .....                  (no boots)
Stlth    ++........             (no amulet)
HPRegen  0.08/turn              n - ring of protection from fire
MPRegen  0.10/turn              (no ring)

@: no status effects
A: change form in water, swift swim, stealthy swim
a: no special abilities


You were on level 3 of the Dungeon.
You were not hungry.

You visited 1 branch of the dungeon, and saw 3 of its levels.

You collected 145 gold pieces.

Inventory:

Hand Weapons
 a - a +0 dagger (weapon)
 b - a +1 hunting sling of flaming
Armour
 o - a +0 leather armour (worn)
 s - a +2 pair of gloves (worn)
Jewellery
 n - a ring of protection from fire (left hand)
Scrolls
 d - a scroll of noise {unknown}
 f - a scroll of enchant armour {unknown}
 j - 2 scrolls of identify {unknown}
 l - a scroll of fog {unknown}
 q - a scroll of blinking {unknown}
Potions
 e - 2 potions of brilliance {unknown}
 g - a potion of degeneration {unknown}
 h - 2 potions of magic {unknown}
 i - a potion of mutation {unknown}
 k - a potion of ambrosia {unknown}
 p - 2 potions of flight {unknown}
Books
 t - a book of Callings

   Spells                             Type                      Level
   a - Summon Small Mammal            Summoning                    1
   b - Call Imp                       Summoning                    2
   c - Call Canine Familiar           Summoning                    3
   d - Summon Guardian Golem          Hexes/Summoning              3
   e - Summon Lightning Spire         Summoning/Air                4
   f - Summon Ice Beast               Ice/Summoning                4
Comestibles
 m - a meat ration
 r - a royal jelly


   Skills:
 * Level 3.5 Dodging
 + Level 2.6 Stealth
 + Level 2.5 Spellcasting
 * Level 4.2 Summonings


You had 6 spell levels left.
You knew the following spells:

 Your Spells              Type           Power        Failure   Level  Hunger
a - Summon Small Mammal   Summ           ##..         5%          1    #......


Dungeon Overview and Level Annotations

Branches:
Dungeon (3/15)

Altars:
Gozag

Annotations:
D:3 p0werm0de's ghost, weakling DsFi


Message History

Your bat barely misses p0werm0de's ghost.
Casting: Summon Small Mammal
Confirm with . or Enter, or press ? or * to list all spells.
Your bat disappears in a puff of smoke!
Your bat hits p0werm0de's ghost but does no damage.
P0werm0de's ghost hits you.
* * * LOW HITPOINT WARNING * * *
Your bat hits p0werm0de's ghost but does no damage.
Your rat bites p0werm0de's ghost but does no damage.
Casting: Summon Small Mammal
Confirm with . or Enter, or press ? or * to list all spells.
Your bat disappears in a puff of smoke!
Your bat hits p0werm0de's ghost but does no damage. x2
P0werm0de's ghost hits you.
* * * LOW HITPOINT WARNING * * *
Your rat bites p0werm0de's ghost but does no damage.
Your bat hits p0werm0de's ghost but does no damage.
Your bat closely misses p0werm0de's ghost.
P0werm0de's ghost hits you!
You die...

#......... ..# #..##
#.# ##.#
#..##.##.##.##.# #..#
..... #.#
#..#####.#####.####.
###..............r§W..
#..§r.............##..
#.##W##########...# .
#. #b@bb..........# #
############.#.#
#..#.# ###.## ##


You could see p0werm0de's ghost, 3 friendly bats and a friendly rat.

Vanquished Creatures
  An adder (D:2)
  2 hobgoblins (D:1)
  A jackal (D:1)
  4 kobolds
  4 bats
  2 frilled lizards (D:1)
  A goblin (D:2)
  4 rats
19 creatures vanquished.

Vanquished Creatures (collateral kills)
  A dart slug (D:1)
  A leopard gecko (D:1)
  5 giant cockroaches
  A goblin (D:1)
  2 hobgoblins (D:1)
  A jackal (D:1)
  3 bats
  A frilled lizard (D:1)
  4 kobolds
  A rat (D:2)
20 creatures vanquished.

Vanquished Creatures (others)
  A bat (D:1)
1 creature vanquished.

Grand Total: 40 creatures vanquished

Notes
Turn   | Place    | Note
-------+----------+-------------------------------------------
     0 | D:1      | tof the Merfolk Summoner began the quest for the Orb.
     0 | D:1      | Reached XP level 1. HP: 13/13 MP: 3/3
   376 | D:1      | Reached XP level 2. HP: 4/19 MP: 0/5
  1886 | D:2      | Reached XP level 3. HP: 21/24 MP: 4/6
  2494 | D:3      | Found an opulent altar of Gozag.
  2494 | D:3      | Noticed p0werm0de's ghost (weakling DsFi)
  2791 | D:3      | HP: 1/24 [p0werm0de's ghost (1)]
  2792 | D:3      | Mangled by p0werm0de's ghost

Vault maps used:
D:1:      eino_arrival_druids_welcome, minivault_26, lemuel_old_faithful
D:2:      corexii_hall_statues_i
D:3:      minmay_door_square, nicolae_gozag_zags_fifth_avenue, uniq_natasha

Skill      XL: |  1  2 |
---------------+-------+-----
Dodging        | 3 |  3.5
Stealth        | |  2.6
Spellcasting   | |  2.5
Summonings     | |  4.2

Action                   || total
-------------------------++-------
Melee: Dagger            ||   109
       Hand axe          ||     6
 Cast: Summon Small Mamm ||    65
 Stab: Distracted        ||     3
       Sleeping          ||     1
  Eat: Bread ration      ||     2
       Chunk             ||     1
Armor: Robe              ||    14
       Leather armour    ||    17
Dodge: Dodged            ||   111

Table legend:
 A = Spawn XP
 B = Non-spawn XP
 C = Spawn XP percentage of total XP
 D = Spawn monster count
 E = Non-spawn monster count
 F = Spawn count percentage of total count
 G = Total turns spent on level
                    A         B        C        D         E        F      G
               +---------+---------+-------+---------+---------+-------+---------
         Total |       3 |      53 |   5.4 |       3 |      36 |   7.7 |  2792
               +---------+---------+-------+---------+---------+-------+---------
           D:1 |       1 |      28 |   3.4 |       1 |      22 |   4.3 |  1576
           D:2 |       2 |      23 |   8.0 |       2 |      12 |  14.3 |  1132
           D:3 |       0 |       2 |   0.0 |       0 |       2 |   0.0 |    84
               +---------+---------+-------+---------+---------+-------+---------
